 Dungeon Sprint DCSS version 0.23-a0-181-g24f899ac9f (webtiles) character file.

46 ICC the Slasher (level 3, -4/20 HPs)
             Began as a Vine Stalker Fighter on Sept 19, 2018.
             Succumbed to an orc wizard's poison
             ... in the Dungeon (Sprint IX: "|||||||||||||||||||||||||||||").
             The game lasted 00:01:22 (161 turns).

ICC the Slasher (Vine Stalker Fighter)               Turns: 161, Time: 00:01:23

Health: -4/20      AC:  6    Str: 18    XL:     3   Next: 68%
Magic:  2/7        EV:  8    Int:  8    God:
Gold:   0          SH:  9    Dex: 14    Spells: 6/6 levels left

rFire    . . .     SeeInvis .   a - +0 long sword
rCold    . . .     Gourm    .   c - +0 shield
rNeg     . . .     Faith    .   b - +0 scale mail
rPois    .         Spirit   +   (no helmet)
rElec    .         Reflect  .   (no cloak)
rCorr    .         Harm     .   (no gloves)
MR       .....     NoTele   +   (no boots)
Stlth    ..........             (no amulet)
HPRegen  0.06/turn              (no ring)
MPRegen  0.10/turn              (no ring)

@: lethally poisoned (-4 -> -59)
A: fangs 2, magic shield, antimagic bite, no potion heal 3, rot immunity
a: no special abilities


You were in the Dungeon.
You were not hungry.

You visited 1 branch

Inventory:

Hand Weapons
 a - a +0 long sword (weapon)
Armour
 b - a +0 scale mail (worn)
 c - a +0 shield (worn)
Scrolls
 k - a scroll of blinking
Potions
 d - a potion of might
 g - a potion of heal wounds
 h - a potion of haste
 i - 2 potions of magic
 j - a potion of berserk rage
Comestibles
 f - a ration


   Skills:
 + Level 3.5 Fighting
 * Level 3.7 Long Blades
 + Level 3.2 Armour
 + Level 1.8 Dodging
 + Level 3.6 Shields
 + Level 2.3 Spellcasting


You had 6 spell levels left.
You didn't know any spells.
Your spell library was empty.

Dungeon Overview and Level Annotations

Branches:
Dungeon (1/1)

Altars:


Innate Abilities, Weirdness & Mutations

You have extremely sharp teeth.
When hurt, damage is shared between your health and your magic reserves.
Your bite disrupts and absorbs the magic of your enemies.
Potions cannot restore your health.
You are immune to rotting.


Message History

Unknown command.
Unknown command.
You barely miss something. You bite something.
* * * LOW HITPOINT WARNING * * *
You feel very sick.
You hear some strange, mumbled words.
A magic dart appears from out of thin air!
The magic dart hits you!
* * * LOW HITPOINT WARNING * * *
Something hits you but does no damage.
You are more poisoned.
You barely miss something. Your bite misses something.
* * * LOW HITPOINT WARNING * * *
You feel very sick. Something hits you but does no damage.
You are more poisoned.
Something hits you but does no damage.
You are more poisoned.
You hit something but do no damage. You bite something.
You die... ▓▓▓▓▓▓▓▓▓▓▓▓▓▓▓▓▓▓ ▓<...)....@{.....+ ▓▓▓▓▓▓▓▓▓▓▓▓▓▓▓▓▓▓

There were no monsters in sight!

Vanquished Creatures
  A hound (D)
  An adder (D)
  An orc (D)
  3 giant cockroaches (D)
  A ball python (D)
  A bat (D)
  A goblin (D)
9 creatures vanquished.

Notes
Turn   | Place    | Note
-------+----------+-------------------------------------------
     0 | D        | ICC the Vine Stalker Fighter began the quest for the Orb.
     0 | D        | Reached XP level 1. HP: 11/11 MP: 2/2
    17 | D        | Reached skill level 1 in Spellcasting
   128 | D        | Noticed a hound
   128 | D        | Noticed an orc wizard
   132 | D        | Reached XP level 2. HP: 16/16 MP: 4/4
   141 | D        | Reached skill level 1 in Dodging
   155 | D        | Reached XP level 3. HP: 11/20 MP: 3/7
   160 | D        | HP: 1/20 [poisoned by an orc wizard]
   161 | D        | Succumbed to an orc wizard's poison

Vault maps used:
D:        linesprint

Skill      XL: |  1  2 |
---------------+-------+-----
Long Blades    | 2 3 |  3.7
Spellcasting   | 1 2 |  2.3
Fighting       | 3 |  3.5
Shields        | 3 |  3.6
Dodging        | 1 |  1.8
Armour         | 3 |  3.2

Action                   || total
-------------------------++-------
Melee: Long sword        ||    47
       Bite              ||    20
  Use: Potion            ||     1
Armor: Scale mail        ||    30
Dodge: Dodged            ||    14
Block: Shield            ||    22
       Rpst.: Long sword ||     6

Table legend:
 A = Non-vault XP
 B = Vault XP
 C = Vault XP percentage of total XP
 D = Non-vault monster count
 E = Vault monster count
 F = Vault count percentage of total count
                 A         B        C        D         E       F
            +---------+---------+-------+---------+---------+-------
      Total |       0 |      67 | 100.0 |       0 |       9 | 100.0
            +---------+---------+-------+---------+---------+-------
          D |       0 |      67 | 100.0 |       0 |       9 | 100.0
            +---------+---------+-------+---------+---------+-------
